 Dungeon Crawl Stone Soup version 0.27.0-1-g7a089689b8 (webtiles) character file.

Game seed: 17258668781512498063

24 Spectrina the Ducker (level 2, 0/18 HPs)
             Began as a Deep Elf Monk on Aug 10, 2021.
             Slain by a kobold (3 damage)
             ... on level 3 of the Dungeon.
             The game lasted 00:04:32 (573 turns).

Spectrina the Ducker (Deep Elf Monk)                 Turns: 573, Time: 00:04:33

Health: 0/18       AC:  3    Str:  8    XL:     2   Next: 79%
Magic:  6/6        EV: 13    Int: 14    God:
Gold:   23         SH:  0    Dex: 17    Spells: 4/4 levels left

rFire    . . .     SeeInvis .   a - +0 short sword
rCold    . . .     Faith    .   (no shield)
rNeg     . . .     Spirit   .   c - +0 robe
rPois    .         Reflect  .   h - +0 helmet
rElec    .         Harm     .   (no cloak)
rCorr    .         Rampage  .   (no gloves)
Will     .....                  (no boots)
Stlth    ++........             (no amulet)
HPRegen  0.06/turn              (no ring)
MPRegen  0.10/turn              (no ring)

@: flying
A: no striking features
a: no special abilities


You were on level 3 of the Dungeon.
You visited 1 branch of the dungeon, and saw 3 of its levels.

You collected 23 gold pieces.

Inventory:

Hand Weapons
 a - a +0 short sword (weapon)
 b - a +0 dagger
Missiles
 g - 22 stones (quivered)
Armour
 c - a +0 robe (worn)
 h - a +0 helmet (worn)
Scrolls
 e - a scroll of identify {unknown}
 f - a scroll of enchant armour {unknown}
Potions
 d - a potion of lignification


   Skills:
 - Level 2.4 Fighting
 - Level 3.0 Short Blades
 - Level 3.6 Dodging
 - Level 2.4 Stealth
 + Level 1.7 Spellcasting
 * Level 2.2 Invocations


You had 4 spell levels left.
You didn't know any spells.
Your spell library was empty.

Dungeon Overview and Level Annotations

Branches:
Dungeon (3/15)

Altars:

Annotations:
D:2 Robin


Message History

Found a chain mail.
Found a stone staircase leading down.
There is a stone staircase leading down here.
You climb downwards.
Level annotation: Robin A goblin and a kobold come into view.
Found a stone staircase leading down.
There is a stone staircase leading up here.
Unknown command.
The kobold shouts!
The goblin shouts!
You hear an angry hiss.
Unknown command.
A rat comes into view.
An adder comes into view.
A rat comes into view.
The kobold closely misses you.
Found 18 arrows.
Found a stone staircase leading down.
Found a scroll labelled DEHIATACUO.
There is a stone staircase leading down here.
The kobold hits you with a +0 short sword.
* * * LOW HITPOINT WARNING * * *
You climb downwards.
An endoplasm and a hobgoblin come into view.
Found a scroll labelled ZIACKA ZUGRE.
Found a stone staircase leading down.
There is a stone staircase leading up here.
Unknown command.
Found an emerald potion.
Found an escape hatch in the floor.
There is a stone staircase leading down here.
You hit the kobold.
The kobold is severely wounded.
The kobold hits you with a +0 short sword.
* * * LOW HITPOINT WARNING * * *
Okay, then.
Found a stone staircase leading up.
There is an escape hatch in the floor here.
You see here an emerald potion.
It was a potion of flight.
You feel very buoyant.
You fly up into the air.
The kobold hits you with a +0 short sword.
You die...

#..........##.#
g.........>...#
#
.##.##.####..##
.# .. ...
#..###.## ##
.#######........
#
.....<.>...#.##
#######....#.#
#....K....#
#....@....#
#.........#
####....#.#
.........
##....##.##
###..# # ..# .#.


You could see a kobold.

Vanquished Creatures
  4 ball pythons (D:1)
  2 endoplasms (D:1)
  A giant cockroach (D:1)
  A goblin (D:1)
  A hobgoblin (D:1)
  5 jackals (D:1)
  A kobold (D:1)
  4 bats (D:1)
  2 rats (D:1)
21 creatures vanquished.

Notes
Turn   | Place    | Note
-------+----------+-------------------------------------------
     0 | D:1      | Spectrina the Deep Elf Monk began the quest for the Orb.
     0 | D:1      | Reached XP level 1. HP: 13/13 MP: 3/3
   110 | D:1      | Reached skill level 1 in Invocations
   113 | D:1      | Reached skill level 1 in Spellcasting
   163 | D:1      | Reached XP level 2. HP: 4/18 MP: 5/5
   363 | D:2      | Noticed Robin
   573 | D:3      | Slain by a kobold

Illustrated notes

Levels and vault maps discovered:
D:1:      dpeg_arrival_rooms_with_view, layout_loops_ring, minmay_pentomino_s4
D:2:      layout_rooms, uniq_robin
D:3:      layout_loops_ring

Skill      XL: |  1  2 |
---------------+-------+-----
Invocations    | 1 2 |  2.2
Spellcasting   | 1 |  1.7
Fighting       | |  2.4
Short Blades   | |  3.0
Dodging        | |  3.6
Stealth        | |  2.4

Action                   || total
-------------------------++-------
Melee: Short sword       ||    63
       Unarmed           ||     7
  Use: Potion            ||     3
 Stab: Sleeping          ||     3
Armor: Robe              ||     7
       Skin              ||     3
Dodge: Dodged            ||    52
